 Dungeon Crawl Stone Soup version 0.31-a0-986-g5e6e4ef867 (webtiles) character file.

Game seed: 12005644274565515760

1498 wildpjah the Carver (level 8, 0/61 HPs)
             Began as a Merfolk Gladiator on Nov 22, 2023.
             Slain by Maggie
             ... wielding a +1 broad axe of flaming
              (10 damage)
             ... on level 6 of the Dungeon.
             The game lasted 00:09:02 (5240 turns).

wildpjah the Carver (Merfolk Gladiator)             Turns: 5240, Time: 00:09:02

Health: 0/61       AC:  7    Str: 18    XL:     8   Next: 81%
Magic:  8/8        EV: 20    Int:  6    God:
Gold:   256        SH:  0    Dex: 17    Spells: 3/7 levels left

rFire   x . .        a - +0 long sword
rCold   + + +        (no shield)
rNeg    . . .        A - +3 leather armour of Somewhere Else {Str+4 Int-2}
rPois   +            c - +0 helmet
rElec   .            (no cloak)
rCorr   +            (no gloves)
SInv    .            (no boots)
Will    +....        (no amulet)
Stlth   ++           o - +5 ring of evasion
HPRegen 0.30/turn    u - ring of Scepticism {rPois rF- rC+++ Will+ rCorr}
MPRegen 0.11/turn

%: no passive effects
@: no status effects
A: (nimble swimmer 2), mertail
a: no special abilities


You were on level 6 of the Dungeon.
You visited 1 branch of the dungeon, and saw 6 of its levels.

You collected 256 gold pieces.

Inventory:

Hand Weapons
 a - a +0 long sword (weapon)
Missiles
 d - 2 throwing nets
 e - a javelin (quivered)
 v - 6 curare-tipped darts
Armour
 b - a +0 leather armour
 c - a +0 helmet (worn)
 A - the +3 leather armour of Somewhere Else (worn) {Str+4 Int-2}
   (You found it on level 4 of the Dungeon)

   Str+4:     It affects your strength (+4).
   Int-2:     It affects your intelligence (-2).
Jewellery
 o - a +5 ring of evasion (left hand)
 u - the ring of Scepticism (right hand) {rPois rF- rC+++ Will+ rCorr}
   (You found it on level 3 of the Dungeon)

   [ring of resist corrosion]

   rF-:       It makes you vulnerable to fire.
   rC+++:     It renders you almost immune to cold.
   rPois:     It protects you from poison Will+: It increases your willpower.
   rCorr:     It protects you from acid and corrosion.
 y - a ring of ice
Wands
 s - a wand of polymorph (1)
 x - a wand of flame (34)
 z - a wand of quicksilver (14)
Scrolls
 f - 3 scrolls of teleportation {unknown}
 g - a scroll of revelation {unknown}
 j - a scroll of noise {unknown}
 m - 4 scrolls of identify {unknown}
 r - a scroll of vulnerability {unknown}
 t - a scroll of brand weapon {unknown}
 w - a scroll of blinking {unknown}
 C - a scroll of torment {unknown}
 D - a scroll of enchant armour {unknown}
 E - a scroll of fog {unknown}
Potions
 h - 6 potions of curing {unknown}
 i - 3 potions of might {unknown}
 k - 2 potions of lignification {unknown}
 l - a potion of berserk rage {unknown}
 n - 2 potions of brilliance {unknown}
 p - a potion of heal wounds {unknown}
 q - 2 potions of resistance {unknown}
 B - a potion of ambrosia {unknown}


   Skills:
 + Level 4.8 Fighting
 * Level 9.5 Long Blades
 + Level 2.3 Throwing
 + Level 2.5 Armour
 * Level 6.9 Dodging
 + Level 3.1 Stealth
 + Level 0.2 Unarmed Combat
 * Level 0.1 Spellcasting
 * Level 0.2 Hexes
 + Level 0.1 Evocations


You had 3 spell levels left.
You knew the following spells:

 Your Spells              Type           Power      Damage    Failure   Level
a - Ensorcelled Hibernat  Hex/Ice        0%         N/A       65%         2
b - Jinxbite              Hex            0%         N/A       63%         2

Your spell library contained the following spells:

 Spells                   Type           Power      Damage    Failure   Level
 Apportation              Tloc           0%         N/A       52%         1
 Passwall                 Tmut/Erth      0%         N/A       65%         2
 Swiftness                Air            0%         N/A       87%         3
 Alistair's Intoxication  Tmut/Pois      0%         N/A       100%        5
 Malign Gateway           Summ/Tloc      0%         N/A       100%        7
 Summon Horrible Things   Summ           0%         N/A       100%        8


Dungeon Overview and Level Annotations

Branches:
Dungeon (6/15)             Temple (0/1) D:5

Altars:

Annotations:
D:6 Maggie


Innate Abilities, Weirdness & Mutations

((You are very nimble when in or above water. (Stealth+, EV+, Speed+++)))
Your lower body shifts to a powerful aquatic tail in water.


Message History

The orc priest closely misses you.
You barely miss the orc priest.
The orc priest is almost dead.
The orc priest barely misses you.
You hit the orc priest.
You kill the orc priest!
No target in view!
You see here a +0 whip.
Done exploring.
Done exploring.
You see here a +0 whip.
You see here a hound corpse.
There is a stone staircase leading down here.
You climb downwards.
You hear the hiss of flowing sand.
There is an entrance to an ossuary on this level.
Hurry and find it before the portal is buried!
There is a stone staircase leading up here.
Maggie the Vainglorious comes into view.
She is wielding a +1 broad axe of flaming.
Maggie shouts!
Maggie casts a spell.
Maggie attempts to bespell you! You resist with almost no effort.
Maggie completely misses you.
You closely miss Maggie.
Maggie mumbles some strange words.
Maggie attempts to bespell you! You resist with some effort.
You closely miss Maggie. You closely miss Maggie. Maggie casts a spell at you.
The bolt of fire hits you!!! The fire burns you terribly!
Ouch! That really hurt!
You hit Maggie.
Maggie is lightly wounded.
Maggie mumbles some strange words.
Maggie attempts to bespell you! You resist with some effort.
You barely miss Maggie.
Maggie is lightly wounded.
Maggie hits you with a +1 broad axe of flaming!
* * * LOW HITPOINT WARNING * * *
Maggie burns you!
You die...

###########
#..<.......
#.#########
##########.#
.......@##.#
#######@##.#
.^.........#
.#####...#.#
..........#
#####...#.#
##.##.#
#.##?.
#.##...
..##....


You could see Maggie.

Vanquished Creatures
  Grinder (D:4)
  A warg (D:3)
  A black bear (D:5)
  An ogre (D:3)
  2 ice beasts (D:5)
  2 phantoms
  A scorpion (D:4)
  A hound (D:5)
  A jelly (D:4)
  An orc priest (D:5)
  Crazy Yiuf (D:3)
  A gnoll bouda (D:5)
  Natasha (thrice) (D:2)
  2 iguanas (D:4)
  2 orc wizards
  Ijyb (D:3)
  11 gnolls
  7 adders
  A white imp (D:5)
  2 ufetubi (D:5)
  3 worms
  A dart slug (D:5)
  15 orcs
  6 endoplasms
  7 giant cockroaches
  5 goblins
  6 hobgoblins
  A jackal (D:4)
  2 quokkas
  7 ball pythons
  A bat (D:2)
  2 frilled lizards (D:1)
  8 kobolds
  4 rats
111 creatures vanquished.

Notes
Turn   | Place    | Note
-------+----------+-------------------------------------------
     0 | D:1      | wildpjah the Merfolk Gladiator began the quest for the Orb.
     0 | D:1      | Reached XP level 1. HP: 16/16 MP: 1/1
   256 | D:1      | Reached XP level 2. HP: 22/22 MP: 2/2
   295 | D:1      | Reached skill level 4 in Long Blades
   905 | D:2      | Noticed Natasha
   914 | D:2      | Killed Natasha
   915 | D:2      | Reached XP level 3. HP: 13/28 MP: 3/3
  1025 | D:2      | Noticed Natasha
  1034 | D:2      | Killed Natasha
  1035 | D:2      | Reached skill level 1 in Stealth
  1035 | D:2      | Reached XP level 4. HP: 19/34 MP: 4/4
  1204 | D:2      | Noticed Natasha
  1208 | D:2      | Killed Natasha
  1209 | D:2      | Reached skill level 5 in Long Blades
  1209 | D:2      | Reached skill level 1 in Armour
  1649 | D:3      | Reached XP level 5. HP: 20/41 MP: 5/5
  1843 | D:3      | Noticed an ogre
  1860 | D:3      | Killed an ogre
  1975 | D:3      | Noticed Ijyb
  1981 | D:3      | Killed Ijyb
  1982 | D:3      | Reached skill level 6 in Long Blades
  1982 | D:3      | Reached XP level 6. HP: 47/47 MP: 6/6
  2206 | D:3      | Noticed Pargi
  2207 | D:3      | Pargi changed into Pargi the warg
  2207 | D:3      | Noticed Pargi
  2228 | D:3      | Killed Pargi the warg
  2357 | D:3      | Identified the ring of Scepticism {rPois rF- rC+++ Will+
                  | rCorr}
  2582 | D:3      | Found a runed translucent door.
  2583 | D:3      | Noticed Crazy Yiuf
  2809 | D:3      | Killed Crazy Yiuf
  2810 | D:3      | Reached XP level 7. HP: 49/52 MP: 7/7
  2868 | D:4      | Noticed Grinder
  2880 | D:4      | Paralysed by Grinder for 5 turns
  2889 | D:4      | Killed Grinder
  2890 | D:4      | Reached skill level 7 in Long Blades
  2890 | D:4      | Reached skill level 5 in Dodging
  3629 | D:4      | Reached XP level 8. HP: 51/61 MP: 8/8
  3768 | D:4      | Identified the +3 leather armour of Somewhere Else {Str+4
                  | Int-2}
  3934 | D:4      | Reached skill level 8 in Long Blades
  4070 | D:5      | Entered Level 5 of the Dungeon
  4110 | D:5      | Found a staircase to the Ecumenical Temple.
  4431 | D:5      | Reached skill level 9 in Long Blades
  5012 | D:5      | Learned a level 2 spell: Ensorcelled Hibernation
  5015 | D:5      | Learned a level 2 spell: Jinxbite
  5231 | D:6      | Noticed Maggie
  5240 | D:6      | Slain by Maggie

Illustrated notes

Levels and vault maps discovered:
D:1:      sevenhm_arrival_forest_fort_small_5, layout_loops_ring
D:2:      layout_loops_ring, uniq_natasha
D:3:      layout_basic, uniq_ijyb, uniq_crazy_yiuf_cottage, uniq_pargi
D:4:      layout_loops_cross, moated_statue, kennysheep_generic_room_6,
          uniq_grinder
D:5:      layout_basic, minmay_temple_entry_ruins, minmay_puff
D:6:      layout_loops_ring, nicolae_ossuary_entry_monument, chequers_garden,
          uniq_maggie

Skill      XL: |  1  2  3  4  5  6  7  8 |
---------------+-------------------------+-----
Long Blades    | 4 5 6 7 9 |  9.5
Stealth        | 1 2 3 |  3.1
Armour         | 1 2 |  2.5
Fighting       | 3 4 |  4.8
Dodging        | 5 6 |  6.9
Throwing       | |  2.3
Unarmed Combat | |  0.2
Spellcasting   | |  0.1
Hexes          | |  0.2
Evocations     | |  0.1

Action                     |  1- 3 |  4- 6 |  7- 9 || total
---------------------------+-------+-------+-------++-------
  Melee: Long sword        |    74 |   138 |   271 ||   483
         Punch             |     2 |     4 |     6 ||    12
         Unarmed           |       |     4 |       ||     4
  Throw: Throwing net      |       |     4 |     2 ||     6
         Javelin           |       |     2 |     1 ||     3
  Evoke: Wand              |       |     1 |       ||     1
   Stab: Sleeping          |     2 |       |     4 ||     6
         Held in net/web   |       |     2 |     1 ||     3
 Armour: Leather armour    |    33 |    28 |   107 ||   168
  Dodge: Dodged            |    57 |    99 |   276 ||   432

Table legend: (Time is in decaauts)
 A = Elapsed time spent in this place.
 B = Non-inter-level travel time spent in this place.
 C = Inter-level travel time spent in this place.
 D = Time resting spent in this place.
 E = Time spent auto-exploring this place.
 F = Levels seen in this place.
 G = Mean time per level.
                   A        B        C        D        E       F      G
               +--------+--------+--------+--------+--------+-----+--------+
         Total |   5269 |   5097 |    172 |    132 |   3923 |   6 |  878.2 |
       Dungeon |   5269 |   5097 |    172 |    132 |   3923 |   6 |  878.2 |
               +--------+--------+--------+--------+--------+-----+--------+

Top non-repeatable levels by time:
     D:3: 1381 daAuts
     D:4: 1293 daAuts
     D:5: 1052 daAuts
     D:1: 883 daAuts
     D:2: 639 daAuts
     D:6: 19 daAuts
